cohdb
Replays
Latest Replays
All Replays
Popular Replays
Top Player Replays
Match Explorer
How It Works
Community
CoH3 Stats
Reddit
Sign in to upload your games and track your stats! →
Sign in with Steam
Match 43967635
Unlisted
Match 43967635
Overview
Messages
Build Orders
End
Construct Infanterie Kompanie
Selects Terror Battlegroup
Selects Machine Gun Camouflage
MG 42 Machine Gun Team
Grenadier Squad
Grenadier Squad
Construct Panzergrenadier Kompanie
251 Medium Carrier
Pak 40 Anti-tank Gun Team
Construct Luftwaffe Kompanie
Selects Contempt for the Weak
Jäger Squad
Jäger Squad
Construct Panzer Kompanie
Selects Jericho Trumpet
Stoßtruppen Squad
Panzer IV Medium Tank
Jericho Trumpet
Panzer IV Medium Tank
Jericho Trumpet
Panzer IV Medium Tank
Seiun Sky
小方2333
和谐战争@
Calm
Chikage
PaniCoC
JT
陈浩南
0
0
Comments
sign in to comment!
No comments posted yet!